 Dungeon Crawl Stone Soup version 0.31-a0-986-g5e6e4ef867 (webtiles) character file.

Game seed: 17436718902586743735

3111 jasper the Cleaver (level 9, 0/68 HPs)
             Began as a Demonspawn Cinder Acolyte on Nov 10, 2023.
             Was a Believer of Ignis.
             Slain by an orc warrior
             ... wielding a +2 heavy mace
              (9 damage)
             ... on level 8 of the Dungeon.
             The game lasted 00:09:41 (8363 turns).

jasper the Cleaver (Demonspawn Cinder Acolyte)      Turns: 8363, Time: 00:09:42

Health: 0/68       AC: 25    Str: 24    XL:     9   Next: 60%
Magic:  10/10      EV:  6    Int: 15    God:    Ignis [**....]
Gold:   128        SH:  0    Dex: 10    Spells: 10/10 levels left

rFire   + . .        w - +0 battleaxe
rCold   . . .        (shield currently unavailable)
rNeg    . . .        s - +0 plate armour
rPois   .            k - +0 helmet
rElec   .            q - +0 cloak
rCorr   .            o - +0 pair of gloves
SInv    .            B - +2 pair of boots {Stlth+}
Will    .....        (no amulet) Stlth
                     I - +6 ring of strength
HPRegen 0.31/turn    (no ring)
MPRegen 0.12/turn

%: no passive effects
@: fiery-armoured, hasted, invisible, very quick
A: claws 1, demonic guardian 2
a: Renounce Religion, Fiery Armour, Foxfire Swarm, Rising Flame


You were on level 8 of the Dungeon.
You worshipped Ignis.
Ignis was pleased with you.
You visited 1 branch of the dungeon, and saw 8 of its levels.

You collected 300 gold pieces.
You spent 172 gold pieces at shops.

Inventory:

Hand Weapons
 a - a +0 hand axe of flaming
 i - a +0 sling
 w - a +0 battleaxe (weapon)
 E - the +4 whip "Deopoism" {speed, Str+6}
   (You found it on level 6 of the Dungeon)

   Str+6:     It affects your strength (+6).
 F - a +0 antimagic spear
Missiles
 g - 10 poisoned darts
 l - 53 stones (quivered)
 r - 6 javelins
Armour
 b - a +0 robe
 j - a +0 scale mail
 k - a +0 helmet (worn)
 o - a +0 pair of gloves (worn)
 q - a +0 cloak (worn)
 s - a +0 plate armour (worn)
 B - a +2 pair of boots of stealth (worn)
Jewellery
 c - a ring of magical power
 z - a ring of fire
 I - a +6 ring of strength (left hand)
Talismans
 e - a blade talisman
Wands
 d - a wand of digging (3)
 y - a wand of iceblast (3)
 A - a wand of flame (18)
Scrolls
 m - 2 scrolls of immolation
 n - a scroll of poison
 u - 5 scrolls of teleportation
 v - a scroll of enchant weapon
Potions
 f - a potion of brilliance
 h - 2 potions of lignification
 p - a potion of enlightenment {unknown}
 t - a potion of haste
 C - 2 potions of attraction {unknown}
 D - a potion of curing {unknown}
 G - 3 potions of heal wounds {unknown}
 H - a potion of berserk rage {unknown}


   Skills:
 + Level 5.1 Fighting
 * Level 10.9 Axes
 + Level 3.5 Armour
 - Level 1.0 Spellcasting
 - Level 2.6 Fire Magic
 + Level 3.8 Evocations


You had 10 spell levels left.
You didn't know any spells.
Your spell library contained the following spells:

 Spells                   Type           Power      Damage    Failure   Level
 Scorch                   Fire           16%        2d5       91%         2
 Sandblast                Erth           0%         2d4       99%         1
 Passwall                 Tmut/Erth      0%         N/A       99%         2
 Stone Arrow              Conj/Erth      0%         3d7       100%        3
 Summon Guardian Golem    Hex/Summ       0%         N/A       100%        3
 Brom's Barrelling Bould  Conj/Erth      0%         2d3       100%        4
 Flame Wave               Conj/Fire      4%         2d5       100%        4
 Summon Cactus Giant      Summ           0%         N/A       100%        6
 Orb of Destruction       Conj           0%         9d5       100%        7
 Spellforged Servitor     Conj/Summ      0%         N/A       100%        7


Dungeon Overview and Level Annotations

Branches:
Dungeon (8/15)             Temple (0/1) D:6
   Lair: D:8-11

Altars:
Gozag
Makhleb

Shops:
D:1 [

Annotations:
D:3 Grinder
D:6 3 runed translucent doors, perezv8180's ghost, novice GrMo


Innate Abilities, Weirdness & Mutations

You have sharp fingernails.
A demonic guardian rushes to your aid.


Message History

The orc warrior hits you but does no damage.
The orc warrior is burned by your cloak of flames.
The orc warrior is almost dead.
You take 1 damage, and have 10/68 hp.
It was a potion of haste.
You feel yourself speed up. The gnoll hits you but does no damage.
The orc priest hits you but does no damage.
The orc priest is burned by your cloak of flames.
You kill the orc priest!
Something hits you but does no damage.
Okay, then.
You bump into the rock wall.
The gnoll hits you but does no damage.
You hear some strange, mumbled words.
Something tries to affect you, but you resist.
The orc warrior hits you but does no damage.
You're too confused to move!
The gnoll hits you but does no damage.
You bump into the rock wall.
The gnoll is no longer moving quickly.
You hear some strange, mumbled words.
A magic dart appears from out of thin air!
The magic dart hits you.
* * * LOW HITPOINT WARNING * * *
The orc warrior barely misses you.
You take 3 damage, and have 8/68 hp.
You bump into the rock wall.
The gnoll hits you but does no damage. Something hits you but does no damage.
Reactivating autopickup.
You feel a bit more experienced.
You bump into the rock wall.
The gnoll hits you but does no damage.
You fade into invisibility!
The orc barely misses you.
The orc warrior hits you but does no damage.
The orc warrior is burned by your cloak of flames.
The orc warrior is almost dead.
Items here: )) ††.
You feel less confused.
Your ice devil hits the orc!
The orc dies!
Your ice devil hits the orc warrior but does no damage.
The orc warrior hits you with a +2 heavy mace!
You die...

. .. .#.. .#. . ####..
.. ##.... ... #..g. ....
#))###...#. #o#.......
#4@....... #
####.......#. ..
#######..........# ...
#....#.............
...###......#####...#...
.....##..#..# #....##
...#....##...# .......
##......#..... .##.#...
#### #.........##...#
##... ##...


You could see an orc warrior (unable to see you, ally target), a gnoll (unable
to see you) and a friendly ice devil (summoned).

Vanquished Creatures
  A wyvern (D:8)
  3 water moccasins
  An orc warrior (D:7)
  An ice beast (D:6)
  3 sky beasts
  2 centaurs
  2 kobold brigands (D:7)
  Blork the orc (D:6)
  A gnoll sergeant (D:8)
  2 bullfrogs (D:7)
  4 scorpions
  5 wights
  3 hounds
  3 gnoll boudas
  A jelly (D:5)
  5 orc priests
  4 orc wizards
  2 iguanas
  6 adders
  15 gnolls
  2 white imps (D:7)
  A dart slug (D:4)
  22 orcs
  A ball python (D:4)
  3 bats
  4 endoplasms
  4 giant cockroaches
  A hobgoblin (D:2)
  9 jackals
  10 kobolds
  7 quokkas
  2 frilled lizards (D:1)
  4 goblins
  3 rats
138 creatures vanquished.

Vanquished Creatures (collateral kills)
  A hornet (D:7)
  A water moccasin (D:6)
  A hound (D:6)
  An orc wizard (D:7)
  An orc (D:8)
5 creatures vanquished.

Grand Total: 143 creatures vanquished

Notes
Turn   | Place    | Note
-------+----------+-------------------------------------------
     0 | D:1      | jasper the Demonspawn Cinder Acolyte began the quest for
                  | the Orb.
     0 | D:1      | Reached XP level 1. HP: 18/18 MP: 2/2
   236 | D:1      | Reached skill level 3 in Axes
   257 | D:1      | Gained mutation: A weak demonic guardian rushes to your
                  | aid. [demonic ancestry]
   257 | D:1      | Reached XP level 2. HP: 18/24 MP: 3/3
   872 | D:1      | Found Maumimnoe's Antique Armour Boutique.
  1287 | D:2      | Reached skill level 4 in Axes
  1287 | D:2      | Reached XP level 3. HP: 22/29 MP: 4/4
  1516 | D:2      | Found a faded altar of an unknown god.
  2153 | D:3      | Noticed Grinder
  2153 | D:3      | Paralysed by Grinder for 3 turns
  2412 | D:4      | Gained mutation: You have sharp fingernails. [demonic
                  | ancestry]
  2412 | D:4      | Reached XP level 4. HP: 35/35 MP: 5/5
  2711 | D:4      | Reached skill level 5 in Axes
  2770 | D:4      | Identified the +0 robe "Xykap" {rElec rF- rN+ MP+9}
  3245 | D:5      | Entered Level 5 of the Dungeon
  3276 | D:5      | Gained mutation: A demonic guardian rushes to your aid.
                  | [demonic ancestry]
  3276 | D:5      | Reached XP level 5. HP: 32/41 MP: 6/6
  3320 | D:5      | Noticed a water moccasin
  3337 | D:5      | Killed a water moccasin
  3338 | D:5      | Reached skill level 6 in Axes
  3366 | D:5      | Noticed a water moccasin
  3379 | D:5      | Killed a water moccasin
  3380 | D:5      | Reached XP level 6. HP: 6/47 MP: 7/7
  3756 | D:5      | Reached skill level 7 in Axes
  4060 | D:5      | Reached XP level 7. HP: 51/52 MP: 8/8
  4836 | D:1      | Bought a pair of glowing boots for 172 gold pieces
  5038 | D:6      | Reached skill level 8 in Axes
  5058 | D:6      | Noticed Blork the orc
  5072 | D:6      | Killed Blork the orc
  5238 | D:6      | Found an opulent altar of Gozag.
  5300 | D:6      | Found a staircase to the Ecumenical Temple.
  5355 | D:6      | Found a burning altar of Makhleb.
  5360 | D:6      | Identified the +4 whip "Deopoism" {speed, Str+6}
  5432 | D:6      | Reached skill level 9 in Axes
  5432 | D:6      | Reached XP level 8. HP: 46/58 MP: 9/9
  6052 | D:6      | Found a runed translucent gate.
  6052 | D:6      | Noticed perezv8180's ghost (novice GrMo)
  6053 | D:6      | Found a runed translucent gate.
  6054 | D:6      | Found a runed translucent gate.
  6369 | D:7      | Reached skill level 10 in Axes
  6378 | D:7      | Noticed a hornet
  6827 | D:7      | Killed a hornet
  6828 | D:7      | Reached skill level 1 in Armour
  6828 | D:7      | Reached skill level 1 in Evocations
  6931 | D:7      | Reached XP level 9. HP: 57/65 MP: 10/10
  8279 | D:8      | Reached skill level 5 in Fighting
  8363 | D:8      | Slain by an orc warrior

Illustrated notes

Levels and vault maps discovered:
D:1:      lightli_arrival_chessboard, layout_loops_corners, serial_shops,
          nicolae_shop_real_fake_doors
D:2:      layout_basic, hellmonk_ecumenical_altar_heavens_door
D:3:      layout_basic, uniq_ijyb, uniq_grinder
D:4:      layout_loops_ring, serial_rivers, chequers_serial_rivers_large_b,
          chequers_serial_rivers_micro_a, chequers_serial_rivers_micro_a,
          chequers_serial_rivers_micro_c, nrook_mini_backslash
D:5:      layout_basic, minmay_misc_feat_four_crosses
D:6:      layout_basic, grunt_gozag_statues, bloody_makhleb,
          minmay_temple_entry_ruins, biasface_ghost_orc_armoury,
          uniq_blork_the_orc
D:7:      layout_rooms
D:8:      layout_cave_pools, minitemple, serial_bayou_pond_e, minmay_three_doors

Skill      XL: |  1  2  3  4  5  6  7  8  9 |
---------------+----------------------------+-----
Axes           | 3 4 5 6 7 9 10 | 10.9
Armour         | 2 3 |  3.5
Evocations     | 2 3 |  3.8
Fighting       | 5 |  5.1
Spellcasting   | |  1.0
Fire Magic     | |  2.6

Action                     |  1- 3 |  4- 6 |  7- 9 || total
---------------------------+-------+-------+-------++-------
  Melee: Hand axe          |   151 |   124 |   287 ||   562
         Battleaxe         |       |       |    35 ||    35
   Fire: Sling             |     1 |       |       ||     1
  Throw: Dart              |     3 |       |       ||     3
         Stone             |     3 |     5 |     4 ||    12
         Javelin           |       |     1 |       ||     1
 Invoke: Fiery Armour      |       |     3 |     5 ||     8
    Use: Scroll            |     4 |     1 |     6 ||    11
         Potion            |       |     2 |     2 ||     4
 Armour: Robe              |    36 |       |       ||    36
         Scale mail        |    66 |    96 |   149 ||   311
         Plate armour      |       |       |   187 ||   187
  Dodge: Dodged            |    96 |    62 |   116 ||   274

Table legend: (Time is in decaauts)
 A = Elapsed time spent in this place.
 B = Non-inter-level travel time spent in this place.
 C = Inter-level travel time spent in this place.
 D = Time resting spent in this place.
 E = Time spent auto-exploring this place.
 F = Levels seen in this place.
 G = Mean time per level.
                   A        B        C        D        E       F      G
               +--------+--------+--------+--------+--------+-----+--------+
         Total |   8385 |   7785 |    600 |    650 |   5669 |   8 | 1048.1 |
       Dungeon |   8385 |   7785 |    600 |    650 |   5669 |   8 | 1048.1 |
               +--------+--------+--------+--------+--------+-----+--------+

Top non-repeatable levels by time:
     D:6: 1620 daAuts
     D:5: 1529 daAuts
     D:1: 1184 daAuts
     D:2: 1028 daAuts
     D:4: 1009 daAuts
     D:8: 902 daAuts
     D:7: 832 daAuts
     D:3: 278 daAuts
